 Dungeon Crawl Stone Soup version 0.32-a0-33-g74fbe469d6 (webtiles) character file.

Game seed: 1296239698960148503

3 Hellonello the Changeling (level 1, 0/8 HPs)
             Began as an Octopode Shapeshifter on Jan 20, 2024.
             Slain by an endoplasm (3 damage)
             ... on level 1 of the Dungeon.
             The game lasted 00:00:31 (161 turns).

Hellonello the Changeling (Octopode Shapeshifter)    Turns: 161, Time: 00:00:31

Health: 0/8        AC:  1    Str: 13    XL:     1   Next: 50%
Magic:  1/1        EV: 17    Int: 12    God:
Gold:   0          SH:  0    Dex: 11    Spells: 0/0 levels left

rFire   . .          .
                       - Unarmed
rCold   . . .        (shield currently unavailable)
rNeg    . . .        (helmet restricted)
rPois   .            (no amulet)
rElec   .            (no ring)
rCorr   .            (no ring)
SInv    .            (no ring)
Will    .....        (no ring)
Stlth   +            (no ring)
HPRegen 0.21/turn    (no ring)
MPRegen 0.07/turn    (no ring)
                     (no ring)

%: no passive effects
@: flux-form, glowing
A: glow, contaminating, reduced hp, almost no armour, amphibious, 8 rings,
camouflage 1, gelatinous body 1, (nimble swimmer 1), tentacles
a: Begin Untransformation


You were on level 1 of the Dungeon.
You were something dangerously unstable.
You visited 1 branch of the dungeon, and saw 1 of its levels.

Inventory:

Talismans
 b - a beast talisman
 c - a flux talisman (active)
Scrolls
 d - a scroll of amnesia {unknown}
Potions
 a - a potion of lignification


   Skills:
 - Level 1.0 Fighting
 - Level 2.0 Dodging
 - Level 3.0 Unarmed Combat
 + Level 3.2 Shapeshifting


You couldn't memorise any spells.
You didn't know any spells.
Your spell library was empty.

Dungeon Overview and Level Annotations

Branches:
Dungeon (1/15)

Altars:


Innate Abilities, Weirdness & Mutations

You are something dangerously unstable.
You glow with magical radiation, making you easy to see and hit.
Foes you strike become dangerously contaminated with magical radiation.
Your maximum health is decreased, since you lack skill for your form.
You are incapable of wielding weapons or throwing items.
You cannot wear most types of armour.
You are amphibious.
You can wear up to eight rings at the same time.
Your skin changes colour to match your surroundings (Stealth+).
Your rubbery body absorbs attacks. (AC +1, EV +1)
((You are camouflaged when in or above water. (Stealth+)))
You have tentacles for arms and can constrict up to eight enemies at once.


Message History

The bat completely misses you.
You closely miss the bat. You grab the bat. You constrict the bat.
The bat closely misses you.
The bat struggles to escape constriction.
You tentacle-slap the bat but do no damage.
The bat begins to glow.
You squeeze the bat.
You kill the bat!
You see here a bat corpse.
You tentacle-slap the ball python.
The ball python begins to glow.
You grab the ball python.
The ball python is moderately wounded.
You constrict the ball python.
You kill the ball python!
There is a stone staircase leading down here.
A frilled lizard comes into view.
The frilled lizard hisses angrily.
The frilled lizard bites you.
You tentacle-slap the frilled lizard but do no damage.
The frilled lizard begins to glow.
You grab the frilled lizard. You constrict the frilled lizard.
The frilled lizard closely misses you.
You tentacle-slap the frilled lizard but do no damage.
The frilled lizard glows dangerously bright.
The frilled lizard is heavily wounded.
You constrict the frilled lizard, but do no damage.
The frilled lizard misses you.
You tentacle-slap the frilled lizard.
You kill the frilled lizard!
Found a faded altar of an unknown god.
There is a faded altar of an unknown god here.
Found 9 stones.
An endoplasm comes into view.
An endoplasm is nearby!
The endoplasm freezes you.
You are frozen.
You tentacle-slap the endoplasm but do no damage.
The endoplasm begins to glow.
The endoplasm hits you.
You tentacle-slap the endoplasm.
The endoplasm glows dangerously bright.
The endoplasm is lightly wounded.
The endoplasm hits you.
You die...

....# ...# ....
...# ##### #..
###.... ######+#.#
###...###
#.......J#
##...####.
#..(....p#
##..#####..
#........# ##..##
##... #........#
##..## ##....
+......#.# ##..##
##..... ######.#.#
#..## ##......
#.#.###.##
##......# #.#.##..#
##.[....##
#.#.##.####......##
#.#.##..........##


You could see an endoplasm (heavy contam).

Vanquished Creatures
  A hobgoblin (D:1)
  A ball python (D:1)
  A bat (D:1)
  A frilled lizard (D:1)
4 creatures vanquished.

Notes
Turn   | Place    | Note
-------+----------+-------------------------------------------
     0 | D:1      | Hellonello the Octopode Shapeshifter began the quest for
                  | the Orb.
     0 | D:1      | Reached XP level 1. HP: 13/13 MP: 1/1
   142 | D:1      | Found a faded altar of an unknown god.
   161 | D:1      | Slain by an endoplasm

Illustrated notes

Levels and vault maps discovered:
D:1:      dpeg_arrival_central, layout_basic, basic_ecumenical_altar

Action                     || total
---------------------------++-------
  Melee: Unarmed           ||    12
         Constrict         ||     4
         Tentacles         ||     1
 Armour: Skin              ||     6
  Dodge: Dodged            ||     4
   Form: Flux              ||     1

Table legend: (Time is in decaauts)
 A = Elapsed time spent in this place.
 B = Non-inter-level travel time spent in this place.
 C = Inter-level travel time spent in this place.
 D = Time resting spent in this place.
 E = Time spent auto-exploring this place.
 F = Levels seen in this place.
 G = Mean time per level.
                   A        B        C        D        E       F      G
               +--------+--------+--------+--------+--------+-----+--------+
         Total |    160 |    160 |      0 |     24 |     99 |   1 |  160.0 |
       Dungeon |    160 |    160 |      0 |     24 |     99 |   1 |  160.0 |
               +--------+--------+--------+--------+--------+-----+--------+

Top non-repeatable levels by time:
     D:1: 160 daAuts
